 Dungeon Crawl Stone Soup version 0.31.0-12-g77e489cdc1 (webtiles) character file.

Game seed: 764379901414419558

1289 ChadusMaximus the Summoner (level 8, -4/46 HPs)
             Began as a Barachi Summoner on Mar 3, 2024.
             Was a Follower of Hepliaklqana.
             Slain by a killer bee (5 damage)
             ... on level 6 of the Dungeon.
             The game lasted 00:09:25 (5855 turns).

ChadusMaximus the Summoner (Barachi Summoner)       Turns: 5855, Time: 00:09:26

Health: -4/46      AC:  3    Str: 10    XL:     8   Next: 55%
Magic:  2/17       EV: 12    Int: 17    God:    Hepliaklqana [*.....]
Gold:   211        SH:  0    Dex: 13    Spells: 2/19 levels left

rFire   . . .        y - +2 spear (flame)
rCold   . . .        (no shield)
rNeg    . . .        a - +0 robe
rPois   .            (no helmet)
rElec   .            (no cloak)
rCorr   +            q - +0 pair of gloves
SInv    .            (no boots)
Will    .....        (no amulet)
Stlth   ++           j - ring of resist corrosion
HPRegen 0.27/turn    z - ring of flight
MPRegen 0.15/turn

%: no passive effects
@: lethally poisoned (-4 -> -9), unable to hop, unable to call your familiar,
flying, slow
A: reduced essence, amphibious, slowness 1, strong legs 1, +LOS
a: Hop, Renounce Religion, Recall Ancestor, Ancestor Identity


You were on level 6 of the Dungeon.
You worshipped Hepliaklqana.
Hepliaklqana was aware of your devotion.
You visited 2 branches of the dungeon, and saw 7 of its levels.

You collected 261 gold pieces.
You spent 50 gold pieces at shops.

Inventory:

Hand Weapons
 e - a +0 dagger
 f - a +1 dagger of flaming
 w - a +0 rapier of venom
 y - a +2 spear of flaming (weapon)
Armour
 a - a +0 robe (worn)
 q - a +0 pair of gloves (worn)
Jewellery
 j - a ring of resist corrosion (left hand)
 z - a ring of flight (right hand)
 A - a +6 ring of intelligence
 B - a ring of fire
Wands
 s - a wand of quicksilver (11)
 t - a wand of roots (8)
Scrolls
 c - 3 scrolls of blinking {unknown}
 d - a scroll of fear {unknown}
 g - a scroll of poison {unknown}
 m - a scroll of noise
 n - 5 scrolls of identify {unknown}
 r - a scroll of vulnerability {unknown}
 v - a scroll of immolation {unknown}
 x - a scroll of acquirement {unknown}
 C - a scroll of summoning {unknown}
Potions
 b - 3 potions of magic
 h - a potion of heal wounds
 i - 2 potions of curing {unknown}
 k - a potion of enlightenment {unknown}
 l - a potion of lignification {unknown}
 o - a potion of attraction {unknown}
 p - a potion of might {unknown}
 u - 2 potions of haste {unknown}


   Skills:
 - Level 2.4 Dodging
 - Level 2.0 Stealth
 + Level 6.2 Spellcasting
 * Level 10.8 Summonings


You had 2 spell levels left.
You knew the following spells:

 Your Spells              Type           Power      Damage    Failure   Level
a - Summon Small Mammal   Summ           100%       N/A       1%          1
b - Call Canine Familiar  Summ           42%        N/A       1%          3
c - Call Imp              Summ           84%        N/A       1%          2
d - Summon Lightning Spi  Summ/Air       23%        N/A       14%         4
e - Summon Hydra          Summ           21%        N/A       77%         7

Your spell library contained the following spells:

 Spells                   Type           Power      Damage    Failure   Level
 Freeze                   Ice            20%        1d4       13%         1
 Sting                    Conj/Alch      20%        1d4       13%         1
 Mercury Vapours          Alch/Air       10%        N/A       19%         2
 Sublimation of Blood     Necr           5%         N/A       19%         2
 Summon Blazeheart Golem  Fire/Summ      23%        N/A       14%         4
 Frozen Ramparts          Ice            10%        1d2       36%         3
 Hailstorm                Conj/Ice       5%         3d5       36%         3
 Tukima's Dance           Hex            5%         N/A       36%         3
 Cause Fear               Hex            2%         N/A       77%         4
 Olgreb's Toxic Radiance  Alch           5%         N/A       77%         4
 Passage of Golubria      Tloc           5%         N/A       77%         4
 Fireball                 Conj/Fire      2%         3d4       98%         5
 Yara's Violent Unravell  Hex/Alch       2%         3d3       98%         5
 Dragon's Call            Summ           21%        N/A       100%        9


Dungeon Overview and Level Annotations

Branches:
Dungeon (6/15)             Temple (1/1) D:5

Altars:
Ashenzari
Cheibriados
Dithmenos
Elyvilon
Fedhas
Gozag
Hepliaklqana
Kikubaaqudgha
Makhleb
Nemelex Xobeh
Okawaru
Qazlal
Ru
Sif Muna
Trog
Uskayaw
Vehumet
Wu Jian
Xom
Yredelemnul
Zin
The Shining One

Shops:
D:1 [   D:3 *(![   D:5 *

Annotations:
D:4 2 transporters, NoWhale's ghost, amateur MfAl
D:6 2 runed translucent doors, dertzug's ghost, novice AtFi


Innate Abilities, Weirdness & Mutations

Your life essence is reduced to manifest your ancestor. (-10% HP)
You are amphibious.
You cover ground slowly.
You can hop short distances.
You have an extended range of vision and can be seen from far away.


Message History

Unknown command.
Casting: Call Imp (safe; 1% risk of failure)
Confirm with . or Enter, or press ? or * to list all spells.
The killer bee stings you but does no damage.
The killer bee stings your lightning spire but does no damage.
Your cerulean imp barely misses the killer bee.
The killer bee stings your lightning spire.
The killer bee stings you!
* * * LOW HITPOINT WARNING * * *
The killer bee barely misses you.
Hop to where?
Press: ? - help, Dir - move target Boing!
The killer bee stings your rat.
The killer bee stings your lightning spire.
Your lightning spire shoots out a bolt of lightning at the killer bee!
The bolt of electricity hits the killer bee!
The killer bee stings your rat but does no damage.
Your rat bites the killer bee but does no damage.
Your cerulean imp closely misses the killer bee.
As you read the scroll labelled ZAZIHUOJEZO, it crumbles to dust.
You hear a loud clanging noise!
It was a scroll of noise.
You hear a loud, deep croak!
You hear an angry hiss.
You hear a loud squeak.
The killer bee stings you.
* * * LOW HITPOINT WARNING * * *
You are lethally poisoned!
The killer bee poisons you! The killer bee stings your rat.
Your rat dies!
Your rat's corpse disappears in a puff of smoke!
The killer bee stings your lightning spire but does no damage.
Your lightning spire shoots out a bolt of lightning at the killer bee!
The bolt of electricity hits the killer bee!
The killer bee dies!
The bolt of electricity hits your lightning spire.
Your lightning spire completely resists.
The bolt of electricity hits your lightning spire.
Your lightning spire completely resists.
Your cerulean imp misses the killer bee.
The killer bee stings you.
You die...

####################.......#
................#
#########.......#
#####.........###.#
#>.##.........# #.######
#.†8#.........# #.......
#..y'°.5......# #.......
#.#.#y.y......###.......
#.#.###@.####.#....#####
#.#.# ##........#..#S~~W
#.#.# ######......+~~~~
#5#.# #.#.##.#~~~~ #y#+###
#.#....##### #yy8..#
#.########.. #yy...#
#........... #...$.#
#####......# #.....#
#......#


You could see 3 killer bees, a friendly lightning spire (summoned) and a
friendly cerulean imp (summoned).

Vanquished Creatures
  An ogre (D:5)
  A scorpion (D:6)
  2 hounds (D:6)
  A sleepcap (D:5)
  An iguana (D:4)
  An adder (D:2)
  A shadow imp (D:5)
  A white imp (D:4)
  A dart slug (D:1)
  3 orcs (D:3)
  8 bats
  5 endoplasms
  A giant cockroach (D:1)
  3 goblins
  3 hobgoblins
  3 jackals
  7 kobolds
  4 quokkas
  5 ball pythons
  2 frilled lizards (D:1)
  2 quokka skeletons (D:3)
  3 rats (D:1)
59 creatures vanquished.

Vanquished Creatures (collateral kills)
  Sigmund (D:2)
  A water moccasin (D:5)
  A black bear (D:4)
  A bullfrog (D:6)
  A scorpion (D:4)
  2 killer bees (D:6)
  A howler monkey (D:5)
  A nameless horror (D:5)
  2 bombardier beetles
  A jelly (D:6)
  2 iguanas (D:6)
  4 orc wizards
  2 sleepcaps (D:6)
  3 gnolls (D:3)
  An adder (D:3)
  A white imp (D:5)
  An adder zombie (D:3)
  10 orcs
  2 ball pythons (D:1)
  4 endoplasms
  A giant cockroach (D:3)
  3 goblins
  A hobgoblin (D:2)
  3 jackals
  A quokka (D:1)
  A ball python skeleton (D:3)
  A bat (D:3)
  A frilled lizard (D:1)
  A kobold (D:1)
  A quokka skeleton (D:3)
  5 rats
61 creatures vanquished.

Vanquished Creatures (others)
  2 ancestors (D:6)
2 creatures vanquished.

Grand Total: 122 creatures vanquished

Notes
Turn   | Place    | Note
-------+----------+-------------------------------------------
     0 | D:1      | ChadusMaximus the Barachi Summoner began the quest for the
                  | Orb.
     0 | D:1      | Reached XP level 1. HP: 13/13 MP: 3/3
    90 | D:1      | Reached XP level 2. HP: 8/19 MP: 1/5
   164 | D:1      | Reached skill level 5 in Summonings
   492 | D:1      | Reached XP level 3. HP: 24/24 MP: 6/6
   504 | D:1      | Found Aqiun's Armour Shop.
   899 | D:2      | Found a broken altar of Ashenzari.
  1193 | D:2      | Noticed Sigmund
  1215 | D:2      | Killed Sigmund
  1216 | D:2      | Reached skill level 7 in Summonings
  1216 | D:2      | Reached XP level 4. HP: 7/30 MP: 6/9
  1216 | D:2      | Reached XP level 5. HP: 8/35 MP: 6/10
  1706 | D:3      | Reached XP level 6. HP: 41/41 MP: 9/11
  1725 | D:3      | Found Antaimicw's Antique Armour Shoppe.
  1937 | D:2      | Learned a level 3 spell: Call Canine Familiar
  1941 | D:2      | Learned a level 2 spell: Call Imp
  1950 | D:2      | Learned a level 4 spell: Summon Lightning Spire
  2164 | D:3      | Reached skill level 8 in Summonings
  2280 | D:3      | Found Hubaarots's Antique Weapon Boutique.
  2388 | D:3      | Found Vacrec's Assorted Antiques.
  2571 | D:3      | Found Epsouted's Distillery.
  2622 | D:3      | Bought a potion of heal wounds for 50 gold pieces
  2767 | D:4      | Found a transporter.
  2781 | D:4      | Reached XP level 7. HP: 31/46 MP: 8/13
  2898 | D:4      | Noticed NoWhale's ghost (amateur MfAl)
  3012 | D:4      | Found a transporter.
  3331 | D:4      | Reached skill level 5 in Spellcasting
  3331 | D:4      | Reached skill level 9 in Summonings
  3477 | D:4      | Found a white marble altar of Elyvilon.
  3477 | D:4      | Found a sacrificial altar of Ru.
  3511 | D:5      | Entered Level 5 of the Dungeon
  3777 | D:5      | Reached XP level 8. HP: 52/52 MP: 13/16
  4035 | D:5      | Found a staircase to the Ecumenical Temple.
  4072 | Temple   | Entered the Ecumenical Temple
  4139 | Temple   | Became a worshipper of Hepliaklqana the Forgotten
  4540 | D:5      | Found Toukyaj's General Store.
  5114 | D:6      | Reached skill level 10 in Summonings
  5329 | D:6      | Learned a level 7 spell: Summon Hydra
  5476 | D:6      | Reached * piety under Hepliaklqana
  5586 | D:6      | Found a runed translucent door.
  5587 | D:6      | Noticed dertzug's ghost (novice AtFi)
  5622 | D:6      | Found a runed translucent door.
  5855 | D:6      | HP: 1/46 [killer bee (6)]
  5855 | D:6      | Slain by a killer bee

Illustrated notes

Levels and vault maps discovered:
D:1:      noname_arrival_rooms_in_the_neighbourhood, layout_basic, serial_shops,
          nicolae_shop_tiny_glass
D:2:      layout_basic, basic_altar, uniq_sigmund
D:3:      layout_rooms, serial_undead, serial_undead_e, serial_undead_c,
          serial_undead_d, serial_undead_b, serial_shops, shop,
          nicolae_shop_overgrown_old_shop, shop, nicolae_shop_tiny_glass
D:4:      layout_rooms, gammafunk_temple_overflow_wave,
          gammafunk_ghost_mausoleum
D:5:      layout_layer_cave, minmay_temple_entry_arrows, serial_shops, shop
D:6:      layout_basic, ebering_ghost_sewer_f
Temple:   mainiacjoe_temple_cubbyholes

Skill      XL: |  1  2  3  4  5  6  7  8 |
---------------+-------------------------+-----
Stealth        | 2 |  2.0
Summonings     | 5 7 8 9 10 | 10.8
Spellcasting   | 3 4 5 6 |  6.2
Dodging        | |  2.4

Action                     |  1- 3 |  4- 6 |  7- 9 || total
---------------------------+-------+-------+-------++-------
  Melee: Unarmed           |    22 |       |       ||    22
         Dagger            |    68 |    63 |    11 ||   142
         Punch             |       |     1 |       ||     1
         Spear             |       |       |    46 ||    46
         Rapier            |       |       |    14 ||    14
   Cast: Summon Small Mamm |    26 |    15 |    12 ||    53
         Call Canine Famil |       |     8 |    14 ||    22
         Call Imp          |       |     7 |    13 ||    20
         Summon Lightning  |       |       |     4 ||     4
Ability: Hop               |       |       |     1 ||     1
    Use: Potion            |       |       |     2 ||     2
         Scroll            |       |       |     1 ||     1
   Stab: Sleeping          |     6 |     3 |     2 ||    11
         Distracted        |     1 |       |     1 ||     2
 Armour: Robe              |    67 |    50 |    63 ||   180
  Dodge: Dodged            |    86 |    63 |    50 ||   199
